 Dungeon Crawl Stone Soup version 0.21-a0-142-gdd972a7 (webtiles) character file.

132 Jeffwins the Firebug (level 5, -1/31 HPs)
             Began as an Octopode Fire Elementalist on July 22, 2017.
             Slain by a centaur (10 damage)
             ... on level 3 of the Dungeon.
             The game lasted 00:05:54 (2645 turns).

Jeffwins the Firebug (Octopode Fire Elementalist)   Turns: 2645, Time: 00:05:54

Health: -1/31      AC:  1    Str:  8    XL:     5   Next: 15%
Magic:  2/9        EV: 13    Int: 18    God:
Gold:   182        SH:  0    Dex: 12    Spells: 5/10 levels left

rFire    . . .     SeeInvis .   q - +0 short sword
rCold    . . .     Gourm    .   (no shield)
rNeg     . . .     Faith    .   (helmet restricted)
rPois    .         Spirit   .   (no amulet)
rElec    .         Reflect  .   (no ring)
rCorr    .         Harm     .   (no ring)
MR       .....                  (no ring)
Stlth    +++.......             (no ring)
HPRegen  0.10/turn              (no ring)
MPRegen  0.11/turn              (no ring)
                                (no ring)
                                (no ring)

@: no status effects
A: almost no armour, stealthy swim, amphibious, 8 rings, constrict 8, camouflage
1, gelatinous body 1
a: no special abilities


You were on level 3 of the Dungeon.
You were not hungry.

You visited 1 branch of the dungeon, and saw 3 of its levels.

You collected 182 gold pieces.

Inventory:

Hand Weapons
 h - a +0 whip
 q - a +0 short sword (weapon)
 r - a +0 long sword
 s - a +0 blowgun
 u - a cursed -3 whip
Missiles
 e - 15 poisoned needles
Armour
 v - a +0 shield
Jewellery
 n - an uncursed amulet of guardian spirit
Scrolls
 c - 4 scrolls of identify {unknown}
 d - a scroll of amnesia {unknown}
 f - 2 scrolls of remove curse {unknown}
 g - 3 scrolls of teleportation {unknown}
 m - a scroll of random uselessness {unknown}
 p - a scroll of magic mapping {unknown}
 t - a scroll of enchant weapon {unknown}
Potions
 i - 2 potions of heal wounds {unknown}
 l - 2 potions of brilliance {unknown}
 o - a potion of magic {unknown}
Books
 a - a book of Flames

   Spells                             Type                      Level
   a - Flame Tongue                   Conjuration/Fire             1
   b - Throw Flame                    Conjuration/Fire             2
   c - Conjure Flame                  Conjuration/Fire             3
   d - Inner Flame                    Hexes/Fire                   3
   e - Sticky Flame                   Conjuration/Fire             4
   f - Fireball                       Conjuration/Fire             5
Comestibles
 b - 2 bread rations
 j - a royal jelly
 k - a meat ration
 w - 3 fruits
 x - a chunk of flesh


   Skills:
 - Level 2.0 Dodging
 - Level 2.6 Stealth
 + Level 3.0 Spellcasting
 * Level 3.3 Conjurations
 + Level 3.8 Fire Magic


You had 5 spell levels left.
You knew the following spells:

 Your Spells              Type           Power        Failure   Level  Hunger
a - Flame Tongue          Conj/Fire      ###..        3%          1    None
b - Sticky Flame          Conj/Fire      ###.....     36%         4    ####...


Dungeon Overview and Level Annotations

Branches:
Dungeon (3/15)

Altars:
Cheibriados
Dithmenos
Kikubaaqudgha
Nemelex Xobeh
Trog
Uskayaw
Yredelemnul


Innate Abilities, Weirdness & Mutations

You cannot wear most types of armour.
You are very stealthy in the water. (Stealth+)
You are amphibious.
You can wear up to eight rings at the same time.
You can use your tentacles to constrict eight enemies at once.
Your skin changes colour to match your surroundings (Stealth+).
Your rubbery body absorbs attacks. (AC +1, EV +1)


Message History

A centaur comes into view.
The centaur shouts!
The centaur wields a shortbow.
The centaur shoots an arrow.
The arrow hits you!
The centaur shoots an arrow.
The arrow hits you!
You see here an arrow.
The centaur shoots an arrow.
The arrow hits you!
* * * LOW HITPOINT WARNING * * *
A bat comes into view.
The centaur unwields an uncursed shortbow.
The centaur hits you.
* * * LOW HITPOINT WARNING * * *
Casting: Flame Tongue
Confirm with . or Enter, or press ? or * to list all spells.
Aiming: Sticky Flame
Press: ? - help, Shift-Dir - straight line, f - centaur
Aim: a centaur The sticky flame hits the centaur.
The centaur appears unharmed.
The centaur is covered in liquid flames!
The centaur burns!
The centaur hits you!
You die...

#......###...#
#.......#.##.#
..##.###..##.# #.##.#
##.##.# #.#######.##.#
#.##.# #.c...(c..##.#
#.##.# #...####..##.#
#.##.# ###. #..##.# #.##.#
#. #..##@# #.##)# #.
#...c.# #....# #. ##.#..#
####.# # ##.## #.#..# #.#
....#...####.#..#######.#
.......)รท....#..........#
#...#...#######.#######.#
........................#
########################


You could see a centaur (burning).

Vanquished Creatures
  An orc wizard (D:3)
  3 adders
  2 oozes (D:2)
  3 worms
  A dart slug (D:3)
  3 leopard geckos
  3 orcs (D:3)
  2 giant cockroaches (D:2)
  4 goblins
  3 hobgoblins
  3 jackals (D:1)
  9 kobolds
  A quokka (D:2)
  A ball python (D:2)
  4 bats
  7 frilled lizards
  5 rats
55 creatures vanquished.

Notes
Turn   | Place    | Note
-------+----------+-------------------------------------------
     0 | D:1      | Jeffwins the Octopode Fire Elementalist began the quest for the Orb.
     0 | D:1      | Reached XP level 1. HP: 11/11 MP: 3/3
   333 | D:1      | Reached XP level 2. HP: 10/17 MP: 3/5
  1351 | D:2      | Reached XP level 3. HP: 19/21 MP: 4/6
  1595 | D:2      | Found an ancient bone altar of Kikubaaqudgha.
  1597 | D:2      | Found a sparkling altar of Nemelex Xobeh.
  1599 | D:2      | Found a snail-covered altar of Cheibriados.
  1600 | D:2      | Found a bloodstained altar of Trog.
  1600 | D:2      | Found a hide-covered altar of Uskayaw.
  1600 | D:2      | Found a basalt altar of Yredelemnul.
  1680 | D:2      | Found a shadowy altar of Dithmenos.
  1817 | D:2      | Reached XP level 4. HP: 23/27 MP: 7/7
  1869 | D:2      | Learned a level 4 spell: Sticky Flame
  2251 | D:3      | Reached XP level 5. HP: 14/31 MP: 5/9
  2634 | D:3      | Noticed a centaur
  2645 | D:3      | Slain by a centaur

Vault maps used:
D:1:      dpeg_arrival_boxes_within_box, minmay_pentomino_o4
D:2:      kennysheep_six_static_rooms, grunt_temple_overflow_open,
          grunt_dithmenos_smoke
D:3:      first_bread

Skill      XL: |  1  2  3  4  5 |
---------------+----------------+-----
Conjurations   | 2 3 |  3.3
Spellcasting   | 3 |  3.0
Dodging        | |  2.0
Stealth        | |  2.6
Fire Magic     | |  3.8

Action                   |  1- 3 |  4- 6 || total
-------------------------+-------+-------++-------
Melee: Unarmed           |    18 |       ||    18
       Constrict         |    11 |     7 ||    18
       Tentacles         |     5 |     3 ||     8
       Whip              |    11 |       ||    11
       Short sword       |    10 |    20 ||    30
 Cast: Flame Tongue      |    36 |    22 ||    58
       Sticky Flame      |       |     1 ||     1
  Use: Potion            |       |     3 ||     3
 Stab: Sleeping          |    10 |     4 ||    14
  Eat: Chunk             |     3 |     3 ||     6
Armor: Skin              |     8 |       ||     8
Dodge: Dodged            |    41 |    16 ||    57
